 Dungeon Crawl Stone Soup version 0.29-a0-322-g68df515 (webtiles) character file.

Game seed: 9328928276094378863

23 Toastz the Insei (level 3, -2/24 HPs)
             Began as an Octopode Transmuter on Apr 6, 2022.
             Slain by a jackal (3 damage)
             ... on level 1 of the Dungeon.
             The game lasted 00:02:27 (834 turns).

Toastz the Insei (Octopode Transmuter)               Turns: 834, Time: 00:02:28

Health: -2/24      AC:  1    Str:  9    XL:     3   Next: 0%
Magic:  3/6        EV: 13    Int: 15    God:
Gold:   51         SH:  0    Dex: 14    Spells: 3/6 levels left

rFire   . . .      SeeInvis .     - Unarmed
rCold   . . .      Faith    .   (no shield)
rNeg    . . .      Spirit   .   (helmet currently unavailable)
rPois   .          Reflect  .   (no amulet)
rElec   .          Harm     .   (no ring)
rCorr   .          Rampage  .   (no ring)
Will    .....                   (no ring)
Stlth   ++........              (no ring)
HPRegen 0.08/turn               (no ring)
MPRegen 0.10/turn               (no ring)
                                (no ring)
                                (no ring)

@: appendages, wereblooded
A: tentacle spike 3, almost no armour, amphibious, 8 rings, camouflage 1,
gelatinous body 1, (nimble swimmer 1), tentacles
a: End Transformation


You were on level 1 of the Dungeon.
One of your tentacles had grown a beastly spike.
You visited 1 branch of the dungeon, and saw 2 of its levels.

You collected 51 gold pieces.

Inventory:

Hand Weapons
 b - a +2 dagger of venom
Missiles
 g - 19 stones (quivered)
Scrolls
 c - a scroll of magic mapping {unknown}
 f - a scroll of summoning {unknown}
 i - a scroll of fear {unknown}
Potions
 a - a potion of lignification
 d - a potion of magic {unknown}
 e - 3 potions of mutation {unknown}
 h - a potion of invisibility {unknown}


   Skills:
 + Level 1.7 Fighting
 - Level 2.0 Dodging
 * Level 3.7 Unarmed Combat
 - Level 2.0 Spellcasting
 + Level 2.0 Transmutations


You had 3 spell levels left.
You knew the following spells:

 Your Spells              Type           Power      Damage    Failure   Level
a - Beastly Appendage     Tmut           14%        N/A       10%         1
b - Wereblood             Tmut           7%         N/A       14%         2

Your spell library contained the following spells:

 Spells                   Type           Power      Damage    Failure   Level
 Spider Form              Tmut/Pois      4%         N/A       41%         3
 Ice Form                 Ice/Tmut       4%         N/A       82%         4


Dungeon Overview and Level Annotations

Branches:
Dungeon (2/15)

Altars:


Innate Abilities, Weirdness & Mutations

One of your tentacles has grown a beastly spike.
You cannot wear most types of armour.
You are amphibious.
You can wear up to eight rings at the same time.
Your skin changes colour to match your surroundings (Stealth+).
Your rubbery body absorbs attacks. (AC +1, EV +1)
((You are camouflaged when in or above water. (Stealth+)))
You have tentacles for arms and can constrict up to eight enemies at once.


Message History

The jackal bites you but does no damage.
The jackal barely misses you.
You climb upwards.
There is a stone staircase leading down here.
The jackal attacks as you move away! The jackal bites you. x2
The kobold hits you with a +0 whip. The jackal misses you.
The jackal bites you. The kobold hits you with a +0 whip.
The kobold drinks a potion.
The kobold seems to grow stronger.
The jackal attacks as you move away! The jackal completely misses you.
The jackal bites you. The jackal closely misses you.
The jackal attacks as you move away! The jackal barely misses you.
There is an open door here.
Casting: Beastly Appendage (safe; 10% risk of failure)
Confirm with . or Enter, or press ? or * to list all spells.
Okay, then.
The jackal attacks as you move away! The jackal bites you. x2
* * * LOW HITPOINT WARNING * * *
Casting: Beastly Appendage (safe; 10% risk of failure)
Confirm with . or Enter, or press ? or * to list all spells.
One of your tentacles grows a vicious spike.
Casting: Beastly Appendage (safe; 10% risk of failure)
Confirm with . or Enter, or press ? or * to list all spells.
Your blood is infused with primal strength.
The jackal bites you but does no damage.
The jackal closely misses you.
You closely miss the jackal. Your grab misses the jackal. The jackal bites you.
* * * LOW HITPOINT WARNING * * *
The jackal barely misses you. x2; The jackal bites you.
* * * LOW HITPOINT WARNING * * *
The jackal barely misses you.
You miss the jackal. Your grab misses the jackal.
Your tentacle spike misses the jackal.
The jackal bites you.
* * * LOW HITPOINT WARNING * * *
The jackal barely misses you. The jackal attacks as you move away!
The jackal closely misses you. The jackal bites you.
* * * LOW HITPOINT WARNING * * *
The jackal bites you.
You die...

#...##### # #.......##### #
#...........# # #...........# #
###############......############
#....##......#..†....#...........
#....##......##.....##.....######
#....##......##h#.####.....######
#.......>....'Kh@................
###..........#.#.##.##....#######
#..........#^#.................
#.....####.#_#....#############
#.....####÷###.##.##########
#...........†.....##.......#
#####.........###.##.......#
#......####...#####'#######
###...........#####.#####..


You could see 2 jackals and a kobold (strong).

Vanquished Creatures
  A worm (D:2)
  A bat (D:1)
  2 endoplasms (D:1)
  3 giant cockroaches
  A goblin (D:1)
  2 hobgoblins (D:1)
  A kobold (D:1)
  3 ball pythons (D:1)
  3 frilled lizards (D:1)
  3 rats
20 creatures vanquished.

Notes
Turn   | Place    | Note
-------+----------+-------------------------------------------
     0 | D:1      | Toastz the Octopode Transmuter began the quest for the Orb.
     0 | D:1      | Reached XP level 1. HP: 13/13 MP: 3/3
   173 | D:1      | Reached XP level 2. HP: 18/18 MP: 3/5
   279 | D:1      | Learned a level 2 spell: Wereblood
   559 | D:1      | Found a faded altar of an unknown god.
   668 | D:2      | Reached XP level 3. HP: 11/24 MP: 4/6
   834 | D:1      | HP: 1/24 [jackal (1)]
   834 | D:1      | Slain by a jackal

Illustrated notes

Levels and vault maps discovered:
D:1:      dpeg_arrival_rooms_a, layout_basic,
          hellmonk_ecumenical_altar_leap_of_faith, minmay_misc_feat_nine_boxes,
          minmay_worlds_worst_comb
D:2:      layout_rooms

Action                   || total
-------------------------++-------
Melee: Unarmed           ||    35
       Constrict         ||     9
       Tentacles         ||     6
       Kick              ||     3
Throw: Stone             ||    12
 Cast: Beastly Appendage ||    13
       Wereblood         ||     1
 Stab: Sleeping          ||     7
Armor: Skin              ||     3
Dodge: Dodged            ||    29

Table legend: (Time is in decaauts)
 A = Elapsed time spent in this place.
 B = Non-inter-level travel time spent in this place.
 C = Inter-level travel time spent in this place.
 D = Time resting spent in this place.
 E = Time spent auto-exploring this place.
 F = Levels seen in this place.
 G = Mean time per level.
                   A        B        C        D        E       F      G
               +--------+--------+--------+--------+--------+-----+--------+
         Total |    834 |    791 |     43 |    145 |    496 |   2 |  417.0 |
       Dungeon |    834 |    791 |     43 |    145 |    496 |   2 |  417.0 |
               +--------+--------+--------+--------+--------+-----+--------+

Top non-repeatable levels by time:
     D:1: 671 daAuts
     D:2: 162 daAuts
